 Dungeon Crawl Stone Soup version 0.23.2 (webtiles) character file.

Game seed: 5014444017976219999

143 Kairos the Skirmisher (level 5, -2/38 HPs)
             Began as a Formicid Abyssal Knight on Apr 9, 2019.
             Was a Believer of Lugonu.
             Killed by nerve-wracking pain
             ... invoked by an orc priest
              (12 damage)
             ... on level 3 of the Dungeon.
             The game lasted 00:03:48 (2379 turns).

Kairos the Skirmisher (Formicid Abyssal Knight)     Turns: 2379, Time: 00:03:48

Health: -2/38      AC: 10    Str: 18    XL:     5   Next: 50%
Magic:  15/15      EV:  9    Int: 11    God:    Lugonu [**....]
Gold:   168        SH:  3    Dex: 12    Spells: 4/4 levels left

rFire    . . .     SeeInvis +   a - +2 hand axe
rCold    . . .     Gourm    .   j - +0 buckler
rNeg     . . .     Faith    .   l - +0 scale mail
rPois    .         Spirit   .   (helmet unavailable)
rElec    .         Reflect  .   g - +0 cloak
rCorr    .         Harm     .   f - +1 pair of gloves
MR       .....                  (no boots)
Stlth    +.........             (no amulet)
HPRegen  0.12/turn              e - ring of magical power
MPRegen  0.14/turn              (no ring)

@: no status effects
A: permanent stasis, dig shafts and tunnels, four strong arms, antennae 3, thin
skeletal structure 1, blurry vision 1, frail 1
a: Dig, Shaft Self, Depart the Abyss, Bend Space, Renounce Religion


You were on level 3 of the Dungeon.
You worshipped Lugonu.
Lugonu was pleased with you.
You were hungry.

You visited 1 branch of the dungeon, and saw 3 of its levels.
You visited the Abyss 1 time.

You collected 168 gold pieces.

Inventory:

Hand Weapons
 a - a +2 hand axe (weapon)
Armour
 b - a +0 leather armour
 f - a +1 pair of gloves (worn)
 g - a +0 cloak (worn)
 j - a +0 buckler (worn)
 l - a +0 scale mail (worn)
Jewellery
 e - a ring of magical power (left hand)
Potions
 d - 3 potions of flight {unknown}
 i - a potion of curing {unknown}
 k - a potion of might
Comestibles
 c - 5 rations


   Skills:
 + Level 4.5 Fighting
 + Level 3.5 Axes
 + Level 2.9 Armour
 + Level 1.6 Dodging
 + Level 0.5 Stealth
 + Level 2.2 Invocations


You had 4 spell levels left.
You didn't know any spells.
Your spell library was empty.

Dungeon Overview and Level Annotations

Branches:
Dungeon (3/15)

Altars:


Innate Abilities, Weirdness & Mutations

You cannot be hasted, slowed, berserked, paralysed or teleported.
You can dig through walls and to a lower floor.
Your four strong arms can wield two-handed weapons with a shield.
You have a pair of large antennae on your head. (SInv)
You have a somewhat thin skeletal structure. (Dex +2, Stealth)
Scrolls take you a little longer to read.
You are frail. (-10% HP)


Message History

The orc priest hits you with a +0 dagger.
* * * LOW HITPOINT WARNING * * *
You closely miss the orc priest.
The orc priest is lightly wounded.
The orc priest hits you but does no damage.
You barely miss the orc priest.
The orc priest is lightly wounded.
The orc priest invokes the aid of Beogh against you.
You struggle to resist.
You hit the orc priest but do no damage.
The orc priest is lightly wounded.
The orc priest hits you but does no damage.
You hit the orc priest.
The orc priest is heavily wounded.
The orc priest barely misses you.
You hit the orc priest.
The orc priest is severely wounded.
The orc priest invokes the aid of Beogh against you.
Pain shoots through your body!
You die...

####..###...# ##.## # #.#
#..# #.# ##.# #.# ## #.#
..... #####.#### #.#.
#........# #o. #....†...#
#o# #........# #@# {
#........# ###.# #
#........# #...#.#
######..## ###.#.# ##.#
#....#
######.#######.#########
#.........#............(#
#.######..#.###.#######.#
.##..................#.#


You could see an orc priest and an orc.

Vanquished Creatures
  A wight (D:2)
  Robin (D:2)
  2 adders (D:2)
  An ooze (D:2)
  A dart slug (D:2)
  An orc (D:3)
  3 giant cockroaches
  13 goblins
  14 hobgoblins
  2 jackals (D:1)
  2 ball pythons
  5 bats
  4 frilled lizards
  7 kobolds
  6 rats
63 creatures vanquished.

Notes
Turn   | Place    | Note
-------+----------+-------------------------------------------
     0 | Abyss:1  | Kairos the Formicid Abyssal Knight began the quest for the
                  | Orb.
     0 | Abyss:1  | Reached XP level 1. HP: 18/18 MP: 2/2
    34 | Abyss:1  | Noticed an angel
   101 | Abyss:2  | Noticed a lich
   112 | Abyss:2  | Noticed a hell beast
   119 | Abyss:2  | Noticed a large abomination
   120 | D:1      | Escaped the Abyss
   121 | D:1      | Gained mutation: You expend magic power (3 MP) to
                  | strengthen your wands. [potion of mutation]
   121 | D:1      | Gained mutation: You are frail. (-10% HP) [potion of
                  | mutation]
   121 | D:1      | Gained mutation: You are partially covered in molten
                  | scales. (AC +2) [potion of mutation]
   121 | D:1      | Gained mutation: You are agile. (Dex +2) [potion of
                  | mutation]
   205 | D:1      | Reached XP level 2. HP: 20/22 MP: 3/3
   278 | D:1      | Reached * piety under Lugonu
   284 | D:1      | Reached skill level 4 in Fighting
   508 | D:1      | Reached XP level 3. HP: 27/27 MP: 4/4
   822 | D:2      | Found a faded altar of an unknown god.
   937 | D:2      | Noticed Robin
   952 | D:2      | Reached skill level 1 in Dodging
   955 | D:2      | Reached XP level 4. HP: 21/34 MP: 5/5
   970 | D:2      | Killed Robin
  1444 | D:2      | Reached ** piety under Lugonu
  1634 | D:2      | Reached XP level 5. HP: 34/38 MP: 6/6
  1703 | D:2      | Lost mutation: You are agile. (Dex +2) [potion of mutation]
  1703 | D:2      | Lost mutation: You expend magic power (3 MP) to strengthen
                  | your wands. [potion of mutation]
  1703 | D:2      | Lost mutation: You are partially covered in molten scales.
                  | (AC +2) [potion of mutation]
  1703 | D:2      | Gained mutation: Scrolls take you a little longer to read.
                  | [potion of mutation]
  1703 | D:2      | Gained mutation: You have a somewhat thin skeletal
                  | structure. (Dex +2, Stealth) [potion of mutation]
  2379 | D:3      | Killed from afar by an orc priest

Skill      XL: |  1  2  3  4 |
---------------+-------------+-----
Fighting       | 4 |  4.5
Dodging        | 1 |  1.6
Axes           | 3 |  3.5
Armour         | |  2.9
Stealth        | |  0.5
Invocations    | |  2.2

Action                   |  1- 3 |  4- 6 || total
-------------------------+-------+-------++-------
Melee: Hand axe          |    76 |   124 ||   200
Invok: Depart the Abyss  |     1 |       ||     1
 Abil: Dig               |     1 |       ||     1
  Use: Potion            |     2 |     1 ||     3
       Scroll            |     5 |     1 ||     6
 Stab: Sleeping          |       |     1 ||     1
  Eat: Ration            |       |     1 ||     1
       Chunk             |       |     1 ||     1
Armor: Leather armour    |    37 |    24 ||    61
       Scale mail        |       |    26 ||    26
Dodge: Dodged            |    53 |    66 ||   119
Block: Buckler           |       |     6 ||     6
